 Dungeon Crawl Stone Soup version 0.30-a0-626-gd6a5dd7a1f (webtiles) character file.

Game seed: 4193098404034791525

583 Mitcholas the Skirmisher (level 7, -2/41 HPs)
             Began as a Deep Elf Hunter on Jan 11, 2023.
             Was an Initiate of Okawaru.
             Slain by a black bear (6 damage)
             ... on level 4 of the Dungeon.
             The game lasted 00:10:36 (3340 turns).

Mitcholas the Skirmisher (Deep Elf Hunter)          Turns: 3340, Time: 00:10:36

Health: -2/41      AC:  4    Str:  8    XL:     7   Next: 14%
Magic:  9/9        EV: 14    Int: 14    God:    Okawaru [......]
Gold:   180        SH:  0    Dex: 20    Spells: 6/6 levels left

rFire   + . .      SeeInvis .    a - +0 shortbow
rCold   . . .      Faith    .    (shield currently unavailable)
rNeg    . . .      Spirit   .    c - +0 leather armour
rPois   .          Reflect  .    (no helmet)
rElec   .          Harm     .    (no cloak)
rCorr   +          Rampage  .    l - +0 pair of gloves
Will    .....                    (no boots)
Stlth   +++                      (no amulet)
HPRegen 0.26/turn                u - ring of resist corrosion
MPRegen 0.11/turn                x - ring of protection from fire

@: no status effects
A: no striking features
a: Renounce Religion


You were on level 4 of the Dungeon.
You worshipped Okawaru.
Okawaru was noncommittal.
You visited 1 branch of the dungeon, and saw 5 of its levels.

You collected 180 gold pieces.

Inventory:

Hand Weapons
 a - a +0 shortbow (weapon)
Missiles
 q - 3 throwing nets
Armour
 c - a +0 leather armour (worn)
 l - a +0 pair of gloves (worn)
Jewellery
 u - a ring of resist corrosion (left hand)
 x - a ring of protection from fire (right hand)
 y - an amulet of reflection
Wands
 r - a wand of charming (4)
 t - a wand of mindburst (5)
Scrolls
 b - 2 scrolls of immolation
 h - a scroll of fog {unknown}
 k - 2 scrolls of enchant armour {unknown}
 m - 3 scrolls of identify
 n - 5 scrolls of teleportation {unknown}
 o - a scroll of amnesia {unknown}
 p - a scroll of noise {unknown}
 s - a scroll of blinking {unknown}
 v - a scroll of torment {unknown}
Potions
 d - 3 potions of mutation
 e - 2 potions of berserk rage
 f - 2 potions of attraction
 g - a potion of flight {unknown}
 i - 2 potions of brilliance
 j - a potion of haste
 w - 2 potions of degeneration {unknown}
 z - a potion of lignification {unknown}


   Skills:
 + Level 3.0 Fighting
 * Level 8.1 Ranged Weapons
 + Level 2.0 Armour
 + Level 4.4 Dodging
 - Level 4.0 Stealth


You had 6 spell levels left.
You didn't know any spells.
Your spell library was empty.

Dungeon Overview and Level Annotations

Branches:
Dungeon (5/15)
 Temple: D:4-7

Altars:
Cheibriados
Elyvilon
Hepliaklqana
Nemelex Xobeh
Okawaru
Qazlal
Sif Muna
Wu Jian
The Shining One

Annotations:
D:5 Grinder, Pikel


Message History

The black bear barely misses you.
You shoot an arrow. The arrow hits the black bear!
The black bear is severely wounded.
The black bear barely misses you. The black bear closely misses you. x2
The black bear bites you but does no damage.
The black bear misses you. x2
You shoot an arrow. The arrow hits the black bear.
The black bear is severely wounded.
The black bear misses you. The black bear claws you. The black bear misses you.
You are too injured to fight recklessly!
You are too injured to fight recklessly!
You are too injured to fight recklessly!
You are too injured to fight recklessly!
You are too injured to fight recklessly!
Fire: a) +0 shortbow
Press: ? - help, Q - select action, (/) - cycle Shift-Dir - straight line, f/p - black bear
Aim: a black bear (severely wounded, 73% to hit)
You shoot an arrow.
The arrow completely misses the black bear.
The arrow hits the orc but does no damage.
The orc is lightly wounded.
The black bear bites you.
* * * LOW HITPOINT WARNING * * *
The black bear claws you but does no damage.
The black bear barely misses you.
Fire: a) +0 shortbow
Press: ? - help, Q - select action, (/) - cycle Shift-Dir - straight line, f/p - black bear
Aim: a black bear (severely wounded, 73% to hit)
You shoot an arrow. The arrow hits the black bear.
The black bear is almost dead.
The black bear goes berserk!
Fire: a) +0 shortbow
Press: ? - help, Q - select action, (/) - cycle Shift-Dir - straight line, f/p - black bear
Aim: a black bear (almost dead, berserk, 73% to hit)
You shoot an arrow. The arrow hits the black bear.
The black bear is almost dead.
The black bear bites you!
* * * LOW HITPOINT WARNING * * *
The black bear claws you.
You die...

<...........(.#.###...####.._..⌠.
####....#.....#.....#.####.......
# ##'#.#....(......#............
### #......#........#(####....._.
..# #.................####..##...
#.# ##....................#.#####
#.######.....<........#.###.#
#....# #.........)....#.###.####
#....###.......#@##.#.#.....##.#
#.....##....#..#h##.#...###....#
#.....###...#..)o...#..##.##...#
#####.# #......>.......#._.#...##
#.###+####.......####.####..#
#......###......##..#'#..##.#
#####.......##......#...'.)...#.#
#...................##.##.##.##.#
#............#.......###.#.###..#


You could see a black bear (berserk) and an orc.

Vanquished Creatures
  A centaur (D:5)
  A phantom (D:4)
  A necrophage (D:4)
  3 hounds
  2 orc priests
  2 iguanas
  6 adders
  An ufetubus (D:4)
  3 worms
  2 dart slugs
  12 orcs
  7 ball pythons
  9 endoplasms
  7 giant cockroaches
  7 hobgoblins
  2 jackals (D:2)
  8 kobolds
  8 bats
  6 goblins
  2 rats (D:1)
90 creatures vanquished.

Notes
Turn   | Place    | Note
-------+----------+-------------------------------------------
     0 | D:1      | Mitcholas the Deep Elf Hunter began the quest for the Orb.
     0 | D:1      | Reached XP level 1. HP: 12/12 MP: 3/3
    92 | D:1      | Reached XP level 2. HP: 17/17 MP: 4/4
   498 | D:2      | Reached XP level 3. HP: 12/21 MP: 5/5
   595 | D:2      | Reached skill level 6 in Ranged Weapons
   741 | D:2      | Identified the +7 trident "Lacertilianslayer" {chaos, rN+}
  1266 | D:2      | Reached XP level 4. HP: 26/26 MP: 6/6
  2207 | D:4      | Found a white marble altar of Elyvilon.
  2219 | D:4      | You fall into a shaft and drop 1 floor!
  2219 | D:5      | Entered Level 5 of the Dungeon
  2224 | D:5      | Reached XP level 5. HP: 28/28 MP: 7/7
  2231 | D:4      | Reached skill level 1 in Armour
  2259 | D:4      | Noticed a phantom
  2318 | D:4      | Killed a phantom
  2319 | D:4      | Reached skill level 7 in Ranged Weapons
  2319 | D:4      | Reached XP level 6. HP: 9/36 MP: 8/8
  2323 | D:4      | HP: 1/36 [orc/+3 hand axe (5)]
  2480 | D:4      | Found a snail-covered altar of Cheibriados.
  2481 | D:4      | Found an iron altar of Okawaru.
  2525 | D:4      | Became a worshipper of Warmaster Okawaru
  2569 | D:4      | Found a shimmering blue altar of Sif Muna.
  2571 | D:4      | Found a glowing golden altar of the Shining One.
  2581 | D:4      | Found a stormy altar of Qazlal.
  2583 | D:4      | Found an ornate altar of the Wu Jian Council.
  2583 | D:4      | Found a hazy altar of Hepliaklqana.
  2983 | D:4      | Found a sparkling altar of Nemelex Xobeh.
  3031 | D:5      | Noticed Pikel
  3165 | D:5      | Reached XP level 7. HP: 25/40 MP: 9/9
  3173 | D:5      | Reached skill level 8 in Ranged Weapons
  3173 | D:5      | Noticed Grinder
  3340 | D:4      | Slain by a black bear

Illustrated notes

Levels and vault maps discovered:
D:1:      amcnicky_arrival_blooded_trapdoor, layout_basic
D:2:      layout_basic
D:3:      layout_basic
D:4:      layout_basic, nemelex_dance_club_becter, grunt_temple_overflow_open,
          mainiacjoe_overflow_24_doors, gammafunk_temple_overflow_pools
D:5:      layout_cave_pools, tgw_xom, minmay_temple_entry_large_hall,
          uniq_pikel, uniq_grinder, uniq_blork_the_orc

Skill      XL: |  1  2  3  4  5  6  7 |
---------------+----------------------+-----
Stealth        | 2 3 4 |  4.0
Ranged Weapons | 6 7 8 |  8.1
Dodging        | 3 4 |  4.4
Fighting       | 2 3 |  3.0
Armour         | 1 2 |  2.0

Action                   |  1- 3 |  4- 6 |  7- 9 || total
-------------------------+-------+-------+-------++-------
 Fire: Shortbow          |    87 |   156 |    24 ||   267
  Use: Scroll            |       |     5 |       ||     5
       Potion            |       |     1 |       ||     1
Armor: Leather armour    |     4 |    18 |     5 ||    27
Dodge: Dodged            |    15 |    51 |    29 ||    95

Table legend: (Time is in decaauts)
 A = Elapsed time spent in this place.
 B = Non-inter-level travel time spent in this place.
 C = Inter-level travel time spent in this place.
 D = Time resting spent in this place.
 E = Time spent auto-exploring this place.
 F = Levels seen in this place.
 G = Mean time per level.
                   A        B        C        D        E       F      G
               +--------+--------+--------+--------+--------+-----+--------+
         Total |   3399 |   3199 |    200 |    387 |   2212 |   5 |  679.8 |
       Dungeon |   3399 |   3199 |    200 |    387 |   2212 |   5 |  679.8 |
               +--------+--------+--------+--------+--------+-----+--------+

Top non-repeatable levels by time:
     D:4: 1167 daAuts
     D:2: 1086 daAuts
     D:3: 665 daAuts
     D:1: 438 daAuts
     D:5: 41 daAuts
